 Dungeon Crawl Stone Soup version 0.31-a0-879-g1609e0ac53 (webtiles) character file.

Game seed: 199237035117701570

5400 DocEon the Basher (level 10, -2/79 HPs)
             Began as an Armataur Fighter on Oct 14, 2023.
             Was a High Priest of Okawaru.
             Slain by a yak (13 damage)
             ... on level 11 of the Dungeon.
             The game lasted 00:09:57 (9542 turns).

DocEon the Basher (Armataur Fighter)                Turns: 9542, Time: 00:09:57

Health: -2/79      AC: 20    Str: 26    XL:     10   Next: 40%
Magic:  14/14      EV:  3    Int:  9    God:    Okawaru [*****.]
Gold:   589        SH:  4    Dex:  9    Spells: 9/9 levels left

rFire   . . .        b - +0 morningstar
rCold   . . .        c - +0 buckler
rNeg    . . .        h - +1 crystal plate armour
rPois   .            o - +0 helmet
rElec   .            (no cloak)
rCorr   .            w - +0 pair of gloves
SInv    +            (no barding)
Will    +....        (no amulet) Stlth
                     s - ring of willpower
HPRegen 0.33/turn    v - ring of see invisible
MPRegen 0.14/turn

%: roll
@: no status effects
A: large, rugged brown scales 3, deformed body, armoured tail, roll, long
tongue, awkward tongue
a: Renounce Religion, Heroism, Finesse, Duel


You were on level 11 of the Dungeon.
You worshipped Okawaru.
Okawaru was extremely pleased with you.
You visited 2 branches of the dungeon, and saw 10 of its levels.

You collected 664 gold pieces.
You spent 75 gold pieces at shops.

Inventory:

Hand Weapons
 a - a +1 war axe of flaming
 b - a +0 morningstar (weapon)
 r - the +1 mace of Qecojov {antimagic, Contam Will++ Dex+6}
   (You found it on level 6 of the Dungeon)

   Dex+6:     It affects your dexterity (+6).
   Will++:    It greatly increases your willpower.
   Contam:    It causes magical contamination when unequipped.
Missiles
 g - 3 atropa-tipped darts
 m - 4 curare-tipped darts
Armour
 c - a +0 buckler (worn)
 h - a +1 crystal plate armour (worn)
 n - a +1 scale mail
 o - a +0 helmet (worn)
 w - a +0 pair of gloves (worn)
Jewellery
 q - a ring of fire
 s - a ring of willpower (left hand)
 v - a ring of see invisible (right hand)
Scrolls
 d - a scroll of revelation
 f - 2 scrolls of blinking
 j - 2 scrolls of fog
 l - 4 scrolls of teleportation
 p - a scroll of vulnerability
 t - a scroll of amnesia
Potions
 e - a potion of resistance
 i - a potion of enlightenment
 k - 3 potions of curing
 u - a potion of attraction {unknown}


   Skills:
 - Level 2.6 Fighting
 * Level 10.9 Maces & Flails
 + Level 10.0 Armour
 - Level 3.2 Shields
 + Level 6.5 Invocations


You had 9 spell levels left.
You didn't know any spells.
Your spell library contained the following spells:

 Spells                   Type           Power      Damage    Failure   Level
 Magic Dart               Conj           0%         1d3       100%        1
 Cigotuvi's Dreadful Rot  Necr/Pois/Air  0%         N/A       100%        2
 Searing Ray              Conj           0%         2d4       100%        2
 Ignite Poison            Fire/Tmut/Pois 0%         N/A       100%        3
 Fulminant Prism          Conj/Hex       0%         3d5       100%        4
 Freezing Cloud           Conj/Ice/Air   0%         6-21      100%        5


Dungeon Overview and Level Annotations

Branches:
Dungeon (8/15)             Temple (1/1) D:4
   Lair: D:8-11

Altars:
Ashenzari
Cheibriados
Dithmenos
Elyvilon
Fedhas
Gozag
Hepliaklqana
Kikubaaqudgha
Makhleb
Nemelex Xobeh
Okawaru
Qazlal
Ru
Sif Muna
Trog
Uskayaw
Vehumet
Wu Jian
Xom
Yredelemnul
Zin
The Shining One

Shops:
D:1 =*

Annotations:
D:3 3 runed translucent doors, oldriver's ghost, amateur GrFi
D:4 1 runed translucent door, Crazy Yiuf


Innate Abilities, Weirdness & Mutations

You are completely covered in rugged brown scales. (AC +3, +7% HP)
Armour fits poorly on your strangely shaped body.
You have a long armoured tail.
You roll when moving toward enemies. (Rampage)
Your long tongue fully drains potion bottles. (2x potion effects)
Your tongue gives you trouble enunciating. (1.5x scroll delay)


Message History

Your Armour skill increases to level 10!
You puncture the yak! You tail-slap the yak.
The yak is moderately wounded.
The yak gores you but does no damage.
You hit the yak but do no damage.
The yak is moderately wounded.
The yak barely misses you.
You hit the yak.
The yak is heavily wounded.
The yak gores you.
* * * LOW HITPOINT WARNING * * *
You hit the yak.
The yak is heavily wounded.
You block the yak's attack.
You hit the yak. You tail-slap the yak.
The yak is severely wounded.
The yak gores you but does no damage.
You closely miss the yak.
The yak is severely wounded.
The yak barely misses you.
You hit the yak but do no damage. You tail-slap the yak.
The yak is severely wounded.
The yak gores you but does no damage.
You impale the yak!!
You kill the yak!
Okawaru accepts your kill.
You completely miss the yak.
Your tail-slap misses the yak.
The yak gores you.
* * * LOW HITPOINT WARNING * * *
You sock the yak! You tail-slap the yak.
The yak is moderately wounded.
The yak gores you.
* * * LOW HITPOINT WARNING * * *
You barely miss the yak.
The yak is moderately wounded.
The yak gores you.
* * * LOW HITPOINT WARNING * * *
You hit the yak.
The yak is heavily wounded.
The yak gores you!
You die...

....#............#
....#............#
.[..#............#
....#+#######...##
##... #...## ....
#....# #....#
#....+ ####@# #Y#
#Y../..# #......#
#......# #...####
#...# ....# ....#


You could see 2 yaks.

Vanquished Creatures
  The ghost of xbox the Slasher, a novice DgGl (D:5)
  The ghost of Biggs the Cleaver, a novice HOFi of Okawaru (D:5)
  A komodo dragon (D:11)
  A troll (D:7)
  A hornet (D:8)
  The ghost of Sirjeffry24 the Magician, an amateur DEFE of Sif Muna (D:5)
  The ghost of laschroeter the Covered, an amateur MiFi (D:5)
  4 yaks (D:11)
  A steam dragon (D:4)
  An acid dragon (D:8)
  2 water moccasins
  An orc warrior (D:7)
  An ice beast (D:8)
  A sky beast (D:6)
  2 black bears
  3 ogres
  4 centaurs
  4 phantoms
  3 kobold brigands
  2 bullfrogs
  A howler monkey (D:4)
  2 gnoll boudas
  6 hounds
  6 orc priests
  7 iguanas
  2 orc wizards
  A sleepcap (D:5)
  Robin (D:3)
  8 gnolls
  2 shadow imps
  13 adders
  A white imp (D:5)
  4 ufetubi
  2 worms (D:2)
  The ghost of Kurtz the Sneak, a weakling NaDe (D:5)
  4 dart slugs
  28 orcs
  6 bats
  8 endoplasms
  A giant cockroach (D:3)
  19 goblins
  9 hobgoblins
  3 jackals (D:1)
  5 quokkas
  7 ball pythons
  4 frilled lizards
  17 kobolds
  7 rats
211 creatures vanquished.

Notes
Turn   | Place    | Note
-------+----------+-------------------------------------------
     0 | D:1      | DocEon the Armataur Fighter began the quest for the Orb.
     0 | D:1      | Reached XP level 1. HP: 19/19 MP: 1/1
   184 | D:1      | Found Wurph's Jewellery Boutique.
   196 | D:1      | Reached XP level 2. HP: 21/26 MP: 2/2
   496 | D:1      | Reached XP level 3. HP: 32/32 MP: 3/3
   711 | D:1      | Found Buor's General Store.
   715 | D:1      | Bought a scroll of blinking for 75 gold pieces
  1113 | D:2      | Found an iron altar of Okawaru.
  1263 | D:2      | Became a worshipper of Warmaster Okawaru
  1509 | D:2      | Reached XP level 4. HP: 39/39 MP: 4/4
  2057 | D:3      | Found a runed translucent gate.
  2058 | D:3      | Found a runed translucent gate.
  2059 | D:3      | Found a runed translucent gate.
  2175 | D:3      | Found a faded altar of an unknown god.
  2236 | D:3      | Noticed a phantom
  2262 | D:3      | Killed a phantom
  2263 | D:3      | Reached XP level 5. HP: 38/44 MP: 5/5
  2609 | D:3      | Found an opulent altar of Gozag.
  2612 | D:3      | Noticed oldriver's ghost (amateur GrFi)
  3086 | D:4      | Reached * piety under Okawaru
  3087 | D:4      | Reached skill level 5 in Maces & Flails
  3151 | D:4      | Reached XP level 6. HP: 46/53 MP: 6/6
  3196 | D:4      | Reached skill level 5 in Armour
  3309 | D:4      | Noticed Robin
  3352 | D:3      | Found an ancient bone altar of Kikubaaqudgha.
  3352 | D:3      | Found a hazy altar of Hepliaklqana.
  3355 | D:3      | Killed Robin
  4235 | D:3      | Reached XP level 7. HP: 45/59 MP: 7/7
  4456 | D:4      | Reached ** piety under Okawaru
  4460 | D:4      | Found a staircase to the Ecumenical Temple.
  4487 | Temple   | Entered the Ecumenical Temple
  4732 | D:4      | Found a runed translucent door.
  4733 | D:4      | Noticed Crazy Yiuf
  4773 | D:5      | Entered Level 5 of the Dungeon
  4773 | D:5      | Noticed a steam dragon
  4773 | D:5      | Found a runed translucent gate.
  4773 | D:5      | Found a runed translucent gate.
  4774 | D:5      | Found a runed translucent gate.
  4775 | D:5      | Noticed laschroeter's ghost (amateur MiFi)
  4775 | D:5      | Noticed xbox's ghost (novice DgGl)
  4775 | D:5      | Noticed Biggs's ghost (novice HOFi)
  4775 | D:5      | Noticed Kurtz's ghost (weakling NaDe)
  4775 | D:5      | Noticed Sirjeffry24's ghost (amateur DEFE)
  4922 | D:4      | Killed a steam dragon
  4923 | D:4      | Reached skill level 1 in Invocations
  5708 | D:5      | Reached XP level 8. HP: 19/66 MP: 9/9
  6195 | D:5      | Reached *** piety under Okawaru
  6521 | D:5      | Killed xbox's ghost
  6530 | D:5      | Killed Sirjeffry24's ghost
  6533 | D:5      | Killed laschroeter's ghost
  6534 | D:5      | Reached XP level 9. HP: 35/72 MP: 10/12
  6535 | D:5      | Killed Kurtz's ghost
  6539 | D:5      | Killed Biggs's ghost
  7002 | D:6      | Reached **** piety under Okawaru
  7204 | D:6      | Reached skill level 5 in Invocations
  7596 | D:6      | Identified the +1 mace of Qecojov {antimagic, Contam Will++
                  | Dex+6}
  7839 | D:7      | Reached skill level 10 in Maces & Flails
  8461 | D:8      | Noticed a troll
  8660 | D:7      | Killed a troll
  8661 | D:7      | Reached XP level 10. HP: 23/79 MP: 11/14
  9170 | D:8      | Reached ***** piety under Okawaru
  9324 | D:8      | You fall into a shaft and drop 3 floors!
  9531 | D:11     | Reached skill level 10 in Armour
  9542 | D:11     | Slain by a yak

Illustrated notes

Levels and vault maps discovered:
D:1:      dpeg_arrival_water_fire, layout_basic, serial_shops, shop_coins,
          nicolae_shop_back_alley_shop
D:2:      layout_basic, basic_altar
D:3:      layout_basic, nicolae_overflow_hidden_temple,
          ebering_ecumenical_altar_webs, ebering_ghost_gozag
D:4:      layout_layer_cave, minmay_temple_entry_overgrown,
          uniq_crazy_yiuf_cottage, uniq_robin
D:5:      layout_basic, gammafunk_ghost_cemetery, minmay_circle_x
D:6:      layout_rooms, kennysheep_donut
D:7:      layout_rooms, chequers_mini_garden
D:8:      layout_loops_corners, nicolae_specific_store, minmay_radiant
D:11:     giant_chief_lemuel, layout_gridville, david_lair_generic
Temple:   mainiacjoe_temple_big_plus

Skill      XL: |  1  2  3  4  5  6  7  8  9 10 |
---------------+-------------------------------+-----
Maces & Flails | 2 3 4 5 6 7 8 10 | 10.9
Armour         | 4 5 6 8 9 10 | 10.0
Invocations    | 2 4 5 6 |  6.5
Fighting       | |  2.6
Shields        | |  3.2

Action                     |  1- 3 |  4- 6 |  7- 9 | 10-12 || total
---------------------------+-------+-------+-------+-------++-------
  Melee: Flail             |   111 |    72 |       |       ||   183
         Tailslap          |     6 |    19 |    46 |    12 ||    83
         Morningstar       |       |   104 |   395 |    69 ||   568
         War axe           |       |       |       |     5 ||     5
  Throw: Dart              |       |       |     7 |     6 ||    13
 Invoke: Heroism           |       |       |     2 |       ||     2
    Use: Scroll            |     4 |     4 |     8 |       ||    16
         Potion            |       |       |     3 |       ||     3
 Armour: Scale mail        |    74 |       |       |       ||    74
         Crystal plate arm |     3 |   250 |   584 |    61 ||   898
  Dodge: Dodged            |    39 |    20 |    78 |     9 ||   146
  Block: Buckler           |    22 |    29 |    96 |    12 ||   159

Table legend: (Time is in decaauts)
 A = Elapsed time spent in this place.
 B = Non-inter-level travel time spent in this place.
 C = Inter-level travel time spent in this place.
 D = Time resting spent in this place.
 E = Time spent auto-exploring this place.
 F = Levels seen in this place.
 G = Mean time per level.
                   A        B        C        D        E       F      G
               +--------+--------+--------+--------+--------+-----+--------+
         Total |   9673 |   9369 |    304 |   2140 |   5448 |  10 |  967.3 |
       Dungeon |   9669 |   9365 |    304 |   2140 |   5448 |   9 | 1074.3 |
        Temple |      4 |      4 |      0 |      0 |      0 |   1 |    4.0 |
               +--------+--------+--------+--------+--------+-----+--------+

Top non-repeatable levels by time:
     D:4: 1983 daAuts
     D:5: 1511 daAuts
     D:3: 1363 daAuts
     D:7: 1289 daAuts
     D:1: 1028 daAuts
     D:2: 1020 daAuts
     D:6: 840 daAuts
     D:8: 413 daAuts
    D:11: 217 daAuts
  Temple: 4 daAuts
